 Dungeon Crawl Stone Soup version 0.27.1-33-g824d729ab1 (webtiles) character file.

Game seed: 4174435902773191450

1343 Sharkman1231 the Poker (level 8, -2/57 (63) HPs)
             Began as a Demonspawn Gladiator on Dec 18, 2021.
             Was a Believer of Okawaru.
             Slain by a wight (3 damage)
             ... on level 6 of the Dungeon.
             The game lasted 00:08:02 (6601 turns).

Sharkman1231 the Poker (Demonspawn Gladiator)       Turns: 6601, Time: 00:08:02

HP:   -2/57 (63)    AC:  5    Str: 13 (14) XL:     8   Next: 35%
MP:   0/12          EV: 13    Int:  8 (10) God:    Okawaru [**....]
Gold: 81            SH:  0    Dex: 14 (17) Spells: 11/13 levels left

rFire    . . .     SeeInvis .   a - +0 trident
rCold    . . .     Faith    .   (no shield)
rNeg     . . .     Spirit   +   b - +0 leather armour
rPois    +         Reflect  .   (helmet restricted)
rElec    .         Harm     .   (no cloak)
rCorr    .         Rampage  .   (no gloves)
Will     .....                  (no boots)
Stlth    +.........             r - amulet of guardian spirit
HPRegen  0.19/turn              n - ring of poison resistance
MPRegen  0.13/turn              (no ring)

@: drained
A: antennae 1, rugged brown scales 2, foul stench 1, demonic magic 1
a: Renounce Religion, Heroism


You were on level 6 of the Dungeon.
You worshipped Okawaru.
Okawaru was pleased with you.
You visited 2 branches of the dungeon, and saw 7 of its levels.

You collected 123 gold pieces.
You spent 42 gold pieces at shops.

Inventory:

Hand Weapons
 a - a +0 trident (weapon)
Missiles
 d - 2 throwing nets (quivered)
Armour
 b - a +0 leather armour (worn)
Jewellery
 n - a ring of poison resistance (left hand)
 r - an amulet of guardian spirit (around neck)
 s - an amulet of magic regeneration
Scrolls
 e - 2 scrolls of magic mapping
 g - a scroll of enchant weapon {unknown}
 h - a scroll of blinking {unknown}
 j - 2 scrolls of identify {unknown}
 k - 2 scrolls of fear {unknown}
 l - 2 scrolls of teleportation {unknown}
 m - a scroll of summoning {unknown}
 t - a scroll of noise {unknown}
 u - a scroll of immolation {unknown}
Potions
 c - a potion of heal wounds {unknown}
 f - 2 potions of flight {unknown}
 i - 2 potions of invisibility {unknown}
 o - a potion of degeneration
 p - a potion of magic {unknown}
 q - a potion of curing


   Skills:
 + Level 4.3 Fighting
 * Level 5.7 Polearms
 - Level 1.7 Throwing
 + Level 4.4 Dodging
 + Level 3.1 Spellcasting
 + Level 3.6 Necromancy
 + Level 2.7 Air Magic
 + Level 2.2 Invocations


You had 11 spell levels left.
You knew the following spells:

 Your Spells              Type           Power      Damage    Failure   Level
a - Corpse Rot            Necr/Air       N/A        N/A       17%         2

Your spell library contained the following spells:

 Spells                   Type           Power      Damage    Failure   Level
 Animate Skeleton         Necr           14%        N/A       9%          1
 Apportation              Tloc           2%         N/A       38%         1
 Corona                   Hex            1%         N/A       38%         1
 Summon Small Mammal      Summ           4%         N/A       38%         1
 Dispel Undead            Necr           7%         3d8       65%         4
 Death Channel            Necr           3%         N/A       100%        6


Dungeon Overview and Level Annotations

Branches:
Dungeon (6/15)             Temple (1/1) D:6

Altars:
Ashenzari
Cheibriados
Dithmenos
Elyvilon
Gozag
Hepliaklqana
Kikubaaqudgha
Makhleb
Okawaru
Qazlal
Ru
Trog
Uskayaw
Vehumet
Xom
Zin

Shops:
D:3 [![   D:4 [


Innate Abilities, Weirdness & Mutations

You have a pair of small antennae on your head.
You are mostly covered in rugged brown scales. (AC +2, +5% HP)
You may rarely emit foul miasma when damaged in melee.
Spells you cast may paralyse adjacent enemies.


Message History

The yak is almost dead.
The yak closely misses you. The wight closely misses you.
You hit the yak.
You kill the yak!
Okawaru accepts your kill. The wight barely misses you.
Your life force feels restored.
Your Spellcasting skill increases to level 3!
Your Invocations skill increases to level 2!
You see here a +0 ring mail.
You barely miss the wight.
The wight hits you with a +1 great sword of freezing!
You feel drained. The wight freezes you.
You are too injured to fight recklessly!
You are too injured to fight recklessly!
You barely miss the wight.
Unknown command.
The wight hits you with a +3 short sword!
* * * LOW HITPOINT WARNING * * *
A wight comes into view.
It is wielding a +4 battleaxe of freezing.
Okay, then.
It was a potion of degeneration.
There was something very wrong with that liquid.
You feel weakened.
You feel dopey.
You feel clumsy.
The wight hits you with a +1 great sword of freezing.
* * * LOW HITPOINT WARNING * * *
You feel drained. The wight freezes you.
Unknown command.
Unknown command.
Unknown command.
Okay, then.
Throw: 3 throwing nets
Press: ? - help, Q - select action, (/) - cycle Shift-Dir - straight line, f - wight
Aim: a wight, wielding a +1 great sword of freezing and wearing a +0 robe (60% to hit)
You throw a throwing net.
The throwing net closely misses the wight.
The wight hits you with a +1 great sword of freezing!
* * * LOW HITPOINT WARNING * * *
You feel drained. The wight freezes you.
You die...

########################
....#.......z.zz@.#....##
..............###.#......
...............#.......#
##.###.................
#...#>.##.##.##.##......
##.....#.........#.##...
...#.<†.[..(.......# ...
...#...#..⌠...⌠..##....#
...#...#.........##...##


You could see 3 wights.

Vanquished Creatures
  3 yaks (D:6)
  An orc warrior (D:5)
  A black bear (D:5)
  A necrophage (Temple)
  A phantom (Temple)
  A centaur (D:6)
  2 bullfrogs
  A scorpion (D:6)
  2 jellies
  A centaur skeleton (D:5)
  A hound (D:5)
  An orc wizard (D:4)
  6 adders
  An adder skeleton (D:2)
  A worm (D:4)
  2 dart slugs (D:2)
  11 orcs
  4 endoplasms
  8 giant cockroaches
  7 goblins
  13 hobgoblins
  7 jackals
  5 kobolds
  4 quokkas
  6 ball pythons
  5 bats
  A frilled lizard (D:3)
  6 rats
103 creatures vanquished.

Notes
Turn   | Place    | Note
-------+----------+-------------------------------------------
     0 | D:1      | Sharkman1231 the Demonspawn Gladiator began the quest for
                  | the Orb.
     0 | D:1      | Reached XP level 1. HP: 16/16 MP: 1/1
   304 | D:1      | Reached skill level 3 in Polearms
   304 | D:1      | Gained mutation: You are partially covered in rugged brown
                  | scales. (AC +1, +3% HP) [demonic ancestry]
   304 | D:1      | Reached XP level 2. HP: 9/22 MP: 2/2
  1078 | D:1      | Found a faded altar of an unknown god.
  1243 | D:1      | Reached XP level 3. HP: 22/28 MP: 3/3
  1246 | D:1      | Learned a level 2 spell: Corpse Rot
  2577 | D:2      | Reached XP level 4. HP: 35/35 MP: 5/5
  2778 | D:3      | Found Cyhuoxka's Armour Emporium.
  3012 | D:3      | Found Weamisch's Armour Shoppe.
  3118 | D:3      | Reached skill level 1 in Spellcasting
  3337 | D:3      | Found a sacrificial altar of Ru.
  3455 | D:3      | Found Muaph's Distillery.
  3463 | D:3      | Bought a potion of curing for 42 gold pieces
  4017 | D:4      | Gained mutation: You are mostly covered in rugged brown
                  | scales. (AC +2, +5% HP) [demonic ancestry]
  4017 | D:4      | Reached XP level 5. HP: 35/42 MP: 6/6
  4040 | D:4      | Reached skill level 1 in Necromancy
  4152 | D:4      | Found Lieweut's Armour Boutique.
  4476 | D:4      | Reached skill level 4 in Polearms
  4922 | D:5      | Entered Level 5 of the Dungeon
  4922 | D:5      | Noticed a phantom
  5071 | D:5      | Found a burning altar of Makhleb.
  5221 | D:5      | Noticed a black bear
  5227 | D:6      | Found a staircase to the Ecumenical Temple.
  5232 | D:6      | Noticed a centaur
  5239 | D:6      | Noticed a necrophage
  5241 | D:6      | Noticed a phantom
  5246 | Temple   | Entered the Ecumenical Temple
  5256 | Temple   | Reached skill level 1 in Air Magic
  5259 | Temple   | Killed a phantom
  5260 | Temple   | Gained mutation: Spells you cast may paralyse adjacent
                  | enemies. [demonic ancestry]
  5260 | Temple   | Reached XP level 6. HP: 32/49 MP: 4/8
  5471 | Temple   | Became a worshipper of Warmaster Okawaru
  5940 | D:6      | Gained mutation: You have a pair of small antennae on your
                  | head. [demonic ancestry]
  5940 | D:6      | Reached XP level 7. HP: 42/54 MP: 5/10
  6096 | D:5      | Reached * piety under Okawaru
  6097 | D:5      | Reached skill level 5 in Polearms
  6151 | D:5      | Noticed a yak
  6154 | D:5      | Found a stormy altar of Qazlal.
  6154 | D:5      | Noticed a yak
  6154 | D:5      | Noticed a yak
  6231 | D:6      | Reached skill level 1 in Invocations
  6372 | D:6      | Killed a yak
  6373 | D:6      | Gained mutation: You may rarely emit foul miasma when
                  | damaged in melee. [demonic ancestry]
  6373 | D:6      | Reached XP level 8. HP: 63/63 MP: 8/12
  6392 | D:6      | Reached ** piety under Okawaru
  6530 | D:5      | Found a hide-covered altar of Uskayaw.
  6601 | D:6      | HP: 1/59 [wight (10)]
  6601 | D:6      | Slain by a wight

Illustrated notes

Levels and vault maps discovered:
D:1:      dpeg_arrival_line_fractal, layout_loops_corners,
          shapermc_ecumenical_altar_mp_vishouse, serial_forest,
          infiniplex_forest_straight_4, infiniplex_forest_clump_small,
          infiniplex_forest_end_2, infiniplex_forest_lined_2,
          infiniplex_forest_lined_1, infiniplex_forest_straight_4,
          infiniplex_forest_straight_4, minmay_pentomino_q2
D:2:      layout_basic
D:3:      layout_basic, nicolae_ru_awakened_eye, serial_shops,
          nicolae_shop_window_shopping, nicolae_shop_stone,
          nicolae_shop_statue_plus
D:4:      layout_basic, mainiacjoe_overflow_alcove_2, serial_shops,
          nicolae_stop_n_shop_1, minmay_distorted
D:5:      layout_rooms, makhleb_blood_cavern_becter,
          mainiacjoe_overflow_catwalk_spiral
D:6:      layout_cave_pools, minmay_temple_entry_large_hall, grunt_ministairs_9,
          nicolae_sextant
Temple:   nicolae_temple_god_jail

Skill      XL: |  1  2  3  4  5  6  7  8 |
---------------+-------------------------+-----
Polearms       | 3 4 5 |  5.7
Dodging        | 3 4 |  4.4
Spellcasting   | 1 2 3 |  3.1
Necromancy     | 1 2 3 |  3.6
Fighting       | 3 4 |  4.3
Air Magic      | 1 2 |  2.7
Invocations    | 1 2 |  2.2
Throwing       | |  1.7

Action                   |  1- 3 |  4- 6 |  7- 9 || total
-------------------------+-------+-------+-------++-------
Melee: Trident           |   171 |   193 |    64 ||   428
Throw: Throwing net      |       |     2 |     1 ||     3
 Cast: Corpse Rot        |       |       |     5 ||     5
  Use: Scroll            |     1 |       |       ||     1
       Potion            |       |     1 |     1 ||     2
 Stab: Sleeping          |     4 |     2 |       ||     6
       Paralysed         |       |       |    15 ||    15
Armor: Leather armour    |    68 |    65 |     8 ||   141
Dodge: Dodged            |    99 |   111 |    53 ||   263
